 Dungeon Crawl Stone Soup version 0.21-a0-444-g29a2fec (webtiles) character file.

22 slep the Slasher (level 2, -1/24 HPs)
             Began as a Demonspawn Monk on Nov 18, 2017.
             Slain by an adder (2 damage)
             ... on level 2 of the Dungeon.
             The game lasted 00:01:50 (578 turns).

slep the Slasher (Demonspawn Monk)                   Turns: 578, Time: 00:01:51

Health: -1/24      AC:  6    Str: 11    XL:     2   Next: 68%
Magic:  2/2        EV: 10    Int: 11    God:
Gold:   36         SH:  0    Dex: 15    Spells: 1/1 levels left

rFire    . . .     SeeInvis .   a - +0 falchion
rCold    . . .     Gourm    .   (no shield)
rNeg     . . .     Faith    .   j - +0 scale mail
rPois    .         Spirit   .   (no helmet)
rElec    .         Reflect  .   (no cloak)
rCorr    .         Harm     .   (no gloves)
MR       .....                  (no boots)
Stlth    ..........             (no amulet)
HPRegen  0.08/turn              (no ring)
MPRegen  0.08/turn              (no ring)

@: no status effects
A: hooves 1
a: no special abilities


You were on level 2 of the Dungeon.
You were not hungry.

You visited 1 branch of the dungeon, and saw 2 of its levels.

You collected 36 gold pieces.

Inventory:

Hand Weapons
 a - a +0 falchion (weapon)
Missiles
 e - a throwing net (quivered)
Armour
 b - a +0 robe
 j - a +0 scale mail (worn)
Scrolls
 f - a scroll of recharging {unknown}
 g - a scroll of random uselessness {unknown}
 h - a scroll of fog {unknown}
 i - a scroll of magic mapping {unknown}
Potions
 d - a potion of heal wounds {unknown}
Comestibles
 c - 2 bread rations
 k - 2 chunks of flesh


   Skills:
 + Level 3.1 Fighting
 + Level 3.2 Long Blades
 + Level 3.0 Dodging
 + Level 1.9 Stealth


You had one spell level left.
You didn't know any spells.

Dungeon Overview and Level Annotations

Branches:
Dungeon (2/15)

Altars:


Innate Abilities, Weirdness & Mutations

You have large cloven feet.


Message History

You hit the worm but do no damage. You kick the worm.
The worm is almost dead.
The worm barely misses you.
You hit the worm.
You kill the worm!
The adder bites you.
* * * LOW HITPOINT WARNING * * *
You hit the adder.
The adder is heavily wounded.
The adder misses you.
You riposte.
You closely miss the adder.
The adder is heavily wounded.
You completely miss the adder. Your kick misses the adder.
The adder is heavily wounded.
The adder barely misses you.
You riposte.
You closely miss the adder.
The adder is heavily wounded.
The adder bites you but does no damage.
You hit the adder. Your kick misses the adder.
The adder is heavily wounded.
The adder bites you.
You die...

######### #.......#
#.#####.# ######.#####.#
#.........##.#
#.####.##.##.#######.###
#.# #......<)..@S......
#.# ####...######.<####
#.# ##### .... #.# ...#
#.# ... #.# .# #.# . #.#
#.###


You could see an adder.

Vanquished Creatures
  An adder (D:2)
  A worm (D:2)
  A giant cockroach (D:1)
  A goblin (D:1)
  A hobgoblin (D:1)
  2 kobolds
  A ball python (D:1)
  A bat (D:1)
  3 rats (D:1)
12 creatures vanquished.

Notes
Turn   | Place    | Note
-------+----------+-------------------------------------------
     0 | D:1      | slep the Demonspawn Monk began the quest for the Orb.
     0 | D:1      | Reached XP level 1. HP: 18/18 MP: 1/1
   216 | D:1      | Gained mutation: You have large cloven feet. [demonic ancestry]
   216 | D:1      | Reached XP level 2. HP: 16/24 MP: 2/2
   575 | D:2      | HP: 1/24 [adder (2)]
   578 | D:2      | Slain by an adder

Vault maps used:
D:1:      dpeg_arrival_radiant
D:2:      wad_river_or_something, grunt_temple_overflow_order_and_chaos_2

Skill      XL: |  1  2 |
---------------+-------+-----
Long Blades    | 3 |  3.2
Dodging        | 3 |  3.0
Fighting       | |  3.1
Stealth        | |  1.9

Action                   || total
-------------------------++-------
Melee: Falchion          ||    42
       Kick              ||     5
 Stab: Sleeping          ||     3
Armor: Robe              ||     5
       Scale mail        ||     5
Dodge: Dodged            ||    28
       Rpst.: Falchion   ||    10

Table legend:
 A = Spawn XP
 B = Non-spawn XP
 C = Spawn XP percentage of total XP
 D = Spawn monster count
 E = Non-spawn monster count
 F = Spawn count percentage of total count
 G = Total turns spent on level
                    A         B        C        D         E        F      G
               +---------+---------+-------+---------+---------+-------+---------
         Total |       0 |      32 |   0.0 |       0 |      12 |   0.0 |   578
               +---------+---------+-------+---------+---------+-------+---------
           D:1 |       0 |      13 |   0.0 |       0 |       9 |   0.0 |   485
           D:2 |       0 |      19 |   0.0 |       0 |       3 |   0.0 |    93
               +---------+---------+-------+---------+---------+-------+---------
